 Dungeon Crawl Stone Soup version 0.29-a0-100-g60f898f876 (webtiles) character file.

Game seed: 12609090758832939998

0 Rizarjay the Chiller (level 1, 0/10 HPs)
             Began as a Gargoyle Ice Elementalist on Feb 15, 2022.
             Slain by a goblin (1 damage)
             ... on level 1 of the Dungeon.
             The game lasted 00:01:11 (96 turns).

Rizarjay the Chiller (Gargoyle Ice Elementalist)      Turns: 96, Time: 00:01:11

Health: 0/10       AC:  4    Str: 11    XL:     1   Next: 0%
Magic:  3/3        EV: 11    Int: 15    God:
Gold:   10         SH:  0    Dex: 10    Spells: 3/4 levels left

rFire   . . .      SeeInvis .   (no weapon)
rCold   . . .      Faith    .   (no shield)
rNeg    + . .      Spirit   .   a - +0 robe
rPois   ∞          Reflect  .   (no helmet)
rElec   +          Harm     .   (no cloak)
rCorr   .          Rampage  .   (no gloves)
Will    .....                   (no boots)
Stlth   ++........              (no amulet)
HPRegen 0.03/turn               (no ring)
MPRegen 0.08/turn               (no ring)

@: no status effects
A: sickness immunity, AC +2, negative energy resistance 1, electricity
resistance, torment resistance 1, petrification resistance
a: no special abilities


You were on level 1 of the Dungeon.
You visited 1 branch of the dungeon, and saw 1 of its levels.

You collected 10 gold pieces.

Inventory:

Armour
 a - a +0 robe (worn)
Scrolls
 b - a scroll of identify {unknown}
Potions
 c - a potion of attraction {unknown}


   Skills:
 + Level 1.5 Dodging
 + Level 2.1 Stealth
 + Level 2.0 Spellcasting
 + Level 4.0 Ice Magic


You had 3 spell levels left.
You knew the following spells:

 Your Spells              Type           Power      Damage    Failure   Level
a - Freeze                Ice            52%        1d7       4%          1

Your spell library contained the following spells:

 Spells                   Type           Power      Damage    Failure   Level
 Frozen Ramparts          Ice            26%        1d4       13%         3
 Ozocubu's Armour         Ice            13%        N/A       13%         3
 Hailstorm                Conj/Ice       7%         3d4       67%         4


Dungeon Overview and Level Annotations

Branches:
Dungeon (1/15)

Altars:


Innate Abilities, Weirdness & Mutations

You are immune to sickness and miasma.
Your stone body is resilient. (AC +2)
You are immune to poison.
You resist negative energy. (rN+)
You are resistant to electric shocks. (rElec)
You are resistant to unholy torment.
You are immune to petrification.


Message History

You hit the plant.
The plant is lightly damaged.
The bat closely misses you. The goblin hits you with a +0 club.
* * * LOW HITPOINT WARNING * * *
A kobold comes into view. It is wielding a +0 whip.
The kobold shouts!
A nearby plant withers and dies.
The bat hits you but does no damage.
The bat hits the plant.
The plant begins to die.
You hit the plant.
The plant begins to die.
The plant is lightly damaged.
The bat barely misses you. The goblin barely misses you.
You hit the plant.
The plant is lightly damaged.
The bat closely misses you. The goblin closely misses you.
You hit the goblin.
The goblin is moderately wounded.
The bat misses you.
The bat hits the plant.
The goblin misses you.
You completely miss the goblin.
The goblin is moderately wounded.
The bat misses you. The goblin barely misses you.
You closely miss the goblin.
The goblin is moderately wounded.
A nearby plant withers and dies. x2; The bat closely misses you.
The goblin hits you but does no damage.
You hit the goblin.
The goblin is heavily wounded.
The bat barely misses you. The goblin hits you but does no damage.
You hit the goblin but do no damage. Your punch misses the goblin.
The goblin is heavily wounded.
The bat hits you but does no damage. The goblin barely misses you.
You barely miss the goblin.
The goblin is heavily wounded.
The bat hits you but does no damage. The goblin misses you.
The rat closely misses you.
You barely miss the goblin.
The goblin is heavily wounded.
The bat hits you.
* * * LOW HITPOINT WARNING * * *
The rat misses you. The goblin hits you with a +0 club.
You die...

### .># ######.# ##
.......# ###### #.
P###....########....###.
≈PP..............._.....
PP≈PP....###....⌠...####
♣≈P≈Pr@g# #.######.#
P≈≈K♣b.P≈.##.# #.#
P≈P≈≈♣≈≈.≈PP.# #.#
#≈.PP♣≈≈≈PPP# #.#
....PP♣≈♣≈≈P≈# #.#
.##≈.PP♣♣≈≈≈≈# #.# #.P ♣
≈≈≈P.# .#


.PP ≈P.P# You could see a goblin, a bat, a kobold and a rat.

Vanquished Creatures (others)
  6 plants (D:1)
6 creatures vanquished.

Notes
Turn   | Place    | Note
-------+----------+-------------------------------------------
     0 | D:1      | Rizarjay the Gargoyle Ice Elementalist began the quest for
                  | the Orb.
     0 | D:1      | Reached XP level 1. HP: 10/10 MP: 3/3
    62 | D:1      | Found a faded altar of an unknown god.
    96 | D:1      | Slain by a goblin

Illustrated notes

Levels and vault maps discovered:
D:1:      kennysheep_arrival_seaside, layout_basic,
          ebering_ecumenical_altar_abandoned, serial_bayou,
          serial_bayou_lagoon_b, serial_bayou_pond_d, serial_bayou_ford_a,
          serial_bayou_shore_b, serial_bayou_lagoon_a, minmay_distorted

Action                   || total
-------------------------++-------
Melee: Unarmed           ||    27
       Punch             ||     1
Armor: Robe              ||     5
Dodge: Dodged            ||    18

Table legend: (Time is in decaauts)
 A = Elapsed time spent in this place.
 B = Non-inter-level travel time spent in this place.
 C = Inter-level travel time spent in this place.
 D = Time resting spent in this place.
 E = Time spent auto-exploring this place.
 F = Levels seen in this place.
 G = Mean time per level.
                   A        B        C        D        E       F      G
               +--------+--------+--------+--------+--------+-----+--------+
         Total |     96 |     42 |     54 |      0 |      0 |   1 |   96.0 |
       Dungeon |     96 |     42 |     54 |      0 |      0 |   1 |   96.0 |
               +--------+--------+--------+--------+--------+-----+--------+

Top non-repeatable levels by time:
     D:1: 96 daAuts
